 Dungeon Crawl Stone Soup version 0.32-a0-981-g384da2ce10 (webtiles) character file.

Game seed: 16888315028508096799

1773012 Oneirical the Ex Machina (level 25, 139/139 HPs)
             Began as a Felid Ice Elementalist on Apr 20, 2024.
             Was the Champion of Jiyva.
             Escaped with the Orb
             ... and 3 runes on Apr 21, 2024!
             The game lasted 02:34:17 (59488 turns).

Oneirical the Ex Machina (Felid Ice Elementalist)  Turns: 59488, Time: 02:34:17

Health: 139/139    AC:  3    Str:  5    XL:     25   Next: 53%
Magic:  46/46      EV: 38    Int: 25    God:    Jiyva [******]
Gold:   3693       SH:  0    Dex: 24    Spells: 4/52 levels left
                                        Lives:  2   Deaths: 6

rFire   + . .        (weapon unavailable)
rCold   + . .        (shield unavailable)
rNeg    . . .        (body armour unavailable)
rPois   +            (helmet unavailable)
rElec   .            (cloak unavailable)
rCorr   +            (gloves unavailable)
SInv    +            (boots unavailable)
Will    +++..        M - amulet of the acrobat
Stlth   ++           F - ring "Azxonopo" {Fly rF+ MP+9}
HPRegen 2.03/turn    r - ring of wizardry
MPRegen 1.10/turn

%: acrobat, wizardry (x1)
@: flying, studying Hexes
A: very small, claws 1, fangs 3, see invisible, shaggy fur 3, stealthy paws, no
weapons or thrown items, no armour, multi-lived, horns 1, camouflage 3, agile 1,
low MP 1, mutation resistance 1, poison resistance, inhibited regeneration,
acidic bite, pseudopods 1, MP-powered wands, engulf
0: Orb of Zot �: 3/15 runes: decaying, serpentine, slimy
a: Renounce Religion, Oozemancy, Slimify


You escaped.
You worshipped Jiyva.
Jiyva was exalted by your worship.
You visited 12 branches of the dungeon, and saw 53 of its levels.
You also visited: Wizlab and Desolation.

You collected 5980 gold pieces.
You spent 2287 gold pieces at shops.

Inventory:

Jewellery
 g - the ring "Igeitat" {Fly AC+4 SInv}
   (You took it off a deep elf annihilator on level 3 of the Elven Halls)

   [ring of protection]

   AC+4:      It affects your AC (+4).
   SInv:      It lets you see invisible.
   Fly:       It grants you flight.
 q - the amulet "Imaonaxi" {Regen+ Str+2 Stlth+}
   (You acquired it on level 2 of the Depths)

   [amulet of regeneration]

   Str+2:     It affects your strength (+2).
   Regen+:    It increases your rate of health regeneration.
   Stlth+:    It makes you more stealthy.
 r - a ring of wizardry (right paw)
 y - the amulet of Contentment {Reflect rN++ Dex-3 SH+5 Stlth+}
   (You took it off a deep elf annihilator on level 3 of the Elven Halls)

   [amulet of reflection]

   Reflect:   It reflects blocked missile attacks.
   Dex-3:     It affects your dexterity (-3).
   rN++:      It greatly protects you from negative energy.
   SH+5:      It affects your SH (+5).
   Stlth+:    It makes you more stealthy.
 F - the ring "Azxonopo" (left paw) {Fly rF+ MP+9}
   (You found it on level 5 of the Pits of Slime)

   [ring of magical power]

   rF+:       It protects you from fire.
   MP+9:      It affects your magic capacity (+9).
   Fly:       It grants you flight.
 L - the ring "Xumof" {*Slow Fly rElec AC+4 Dex+3}
   (You found it on level 5 of the Pits of Slime)

   [ring of protection]

   AC+4:      It affects your AC (+4).
   Dex+3:     It affects your dexterity (+3).
   rElec:     It insulates you from electricity.
   Fly:       It grants you flight.
   *Slow:     It may slow you when you take damage.
 M - an amulet of the acrobat (around neck)
 R - a +6 ring of strength
 U - the ring "Juam Lud" {+Blink rElec rC+ Will+}
   (You found it on level 4 of the Swamp)

   [ring of protection from cold]

   rC+:       It protects you from cold.
   rElec:     It insulates you from electricity.
   Will+:     It increases your willpower.
   +Blink:    It lets you blink.
 W - an amulet of magic regeneration
 Z - the ring "Xoruudisk" {^Contam rElec rPois rN+}
   (You found it on level 3 of the Snake Pit)

   [ring of poison resistance]

   rElec:     It insulates you from electricity.
   rPois:     It protects you from poison.
   rN+:       It protects you from negative energy.
   ^Contam:   It causes magical contamination when unequipped.
Talismans
 s - a storm talisman
Wands
 o - a wand of quicksilver (1)
 C - a wand of polymorph (4)
 G - a wand of warping (35)
 K - a wand of digging (21)
 P - a wand of flame (17)
 T - a wand of charming (15)
 V - a wand of mindburst (17)
Scrolls
 d - 5 scrolls of fear
 e - 16 scrolls of teleportation
 h - 6 scrolls of poison
 i - 4 scrolls of vulnerability
 j - 6 scrolls of fog
 k - 7 scrolls of immolation
 l - 10 scrolls of noise
 n - 4 scrolls of amnesia
 v - 9 scrolls of identify
 z - 2 scrolls of torment
 D - a scroll of blinking
 S - a scroll of revelation
 Y - a scroll of butterflies
Potions
 a - 2 potions of magic
 b - 2 potions of haste
 c - 15 potions of curing
 f - 2 potions of invisibility
 m - 2 potions of brilliance
 p - 3 potions of heal wounds
 t - 2 potions of cancellation
 w - 3 potions of enlightenment
 x - 10 potions of lignification
 E - 2 potions of berserk rage
 I - 4 potions of resistance
 J - 7 potions of mutation
 N - 7 potions of might
 Q - 7 potions of attraction
 X - 5 potions of ambrosia
Miscellaneous
 u - a sack of spiders (inert)
 A - a tin of tremorstones (inert)
 B - a Gell's gravitambourine (1/2)
 H - a phantom mirror
 O - a lightning rod (4/4)


   Skills:
 + Level 16.5 Fighting
 + Level 19.6 Dodging
 - Level 2.6 Stealth
 - Level 14.0 Spellcasting
 - Level 10.0 Summonings
 - Level 26.9 Necromancy
 - Level 11.0 Ice Magic
 O Level 27 Evocations


You had 4 spell levels left.
You knew the following spells:

 Your Spells              Type           Power      Damage    Failure   Level
a - Death's Door          Necr           50%        N/A       2%          9
b - Haunt                 Necr/Summ      41%        N/A       1%          7
c - Ozocubu's Armour      Ice            64%        N/A       1%          3
d - Infestation           Necr           50%        N/A       1%          8
e - Animate Dead          Necr           100%       N/A       0%          4
f - Death Channel         Necr           50%        N/A       0%          6
g - Rimeblight            Ice/Necr       42%        2d8       (prima1%    7
h - Dispel Undead         Necr           100%       3d31      0%          4

Your spell library contained the following spells:

 Spells                   Type           Power      Damage    Failure   Level
 Kiss of Death            Conj/Necr      100%       2d13      0%          1
 Necrotise                Necr           100%       1d9       0%          1
 Sublimation of Blood     Necr           100%       N/A       0%          2
 Vampiric Draining        Necr           100%       2d13      0%          3
 Martyr's Knell           Necr/Summ      83%        N/A       0%          4
 Apportation              Tloc           34%        N/A       1%          1
 Freeze                   Ice            100%       1d10      1%          1
 Magic Dart               Conj           68%        1d6       1%          1
 Shock                    Conj/Air       68%        1d7       1%          1
 Slow                     Hex            68%        N/A       1%          1
 Sting                    Conj/Alch      68%        1d7       1%          1
 Summon Small Mammal      Summ           100%       N/A       1%          1
 Blink                    Tloc           34%        N/A       1%          2
 Call Imp                 Summ           100%       N/A       1%          2
 Cigotuvi's Dreadful Rot  Necr/Alch/Air  100%       N/A       1%          2
 Ensorcelled Hibernation  Hex/Ice        90%        N/A       1%          2
 Jinxbite                 Hex            34%        N/A       1%          2
 Lesser Beckoning         Tloc           34%        N/A       1%          2
 Mercury Vapours          Alch/Air       34%        N/A       1%          2
 Momentum Strike          Conj/Tloc      34%        3d8       1%          2
 Scorch                   Fire           34%        2d6       1%          2
 Searing Ray              Conj           34%        2d5       1%          2
 Static Discharge         Conj/Air       34%        3-5/arc   1%          2
 Frozen Ramparts          Ice            100%       1d16      1%          3
 Hailstorm                Conj/Ice       45%        3d10      1%          3
 Summon Ice Beast         Ice/Summ       63%        N/A       1%          3
 Anguish                  Hex/Necr       35%        N/A       1%          4
 Summon Lightning Spire   Summ/Air       42%        N/A       1%          4
 Confusing Touch          Hex            17%        N/A       4%          3
 Dazzling Flash           Conj/Hex       34%        N/A       4%          3
 Mephitic Cloud           Conj/Alch/Air  17%        N/A       4%          3
 Passwall                 Erth           17%        N/A       4%          3
 Sigil of Binding         Hex            17%        N/A       4%          3
 Volatile Blastmotes      Fire/Tloc      34%        2d12      4%          3
 Airstrike                Air            8%         2d(2-18)  13%         4
 Cause Fear               Hex            8%         N/A       13%         4
 Flame Wave               Conj/Fire      17%        2d7       13%         4
 Fulminant Prism          Conj/Alch      8%         3d7       13%         4
 Iskenderun's Mystic Bla Conj/Tloc 17%            2d5        (+2d2     13%         4
 Leda's Liquefaction      Alch/Erth      8%         N/A       13%         4
 Passage of Golubria      Tloc           17%        N/A       13%         4
 Petrify                  Alch/Erth      17%        N/A       13%         4
 Sticky Flame             Fire/Alch      17%        2d5       13%         4
 Curse of Agony           Necr           100%       N/A       0%          5
 Borgnjor's Vile Clutch   Necr/Erth      35%        N/A       1%          5
 Borgnjor's Revivificati  Necr           50%        N/A       1%          8
 Metabolic Englaciation   Hex/Ice        22%        N/A       4%          5
 Summon Forest            Summ/Tloc      21%        N/A       4%          5
 Summon Mana Viper        Hex/Summ       42%        N/A       4%          5
 Freezing Cloud           Conj/Ice/Air   17%        6-21      9%          5
 Ozocubu's Refrigeration  Ice            32%        4d14      12%         7
 Monstrous Menagerie      Summ           30%        N/A       17%         7
 Summon Hydra             Summ           30%        N/A       17%         7
 Sculpt Simulacrum        Ice/Alch       22%        N/A       21%         6
 Alistair's Intoxication  Alch           11%        N/A       32%         5
 Irradiate                Conj/Alch      8%         3d14      32%         5
 Iskenderun's Battlesphe  Conj           17%        2d7       32%         5
 Silence                  Hex/Air        8%         N/A       32%         5
 Yara's Violent Unravell  Hex/Alch       8%         3d5       32%         5
 Bombard                  Conj/Erth      8%         9d2       86%         6
 Dispersal                Tloc           8%         N/A       86%         6
 Eringya's Noxious Bog    Alch           8%         4d6       86%         6
 Gell's Gavotte           Tloc           8%         2d(15-22) 86%         6
 Starburst                Conj/Fire      8%         6d4       86%         6
 Enfeeble                 Hex            8%         N/A       100%        7
 Manifold Assault         Tloc           8%         N/A       100%        7
 Disjunction              Tloc           8%         N/A       100%        8
 Fulsome Fusillade        Conj/Alch      8%         (3-5)d5   100%        8
 Lehudib's Crystal Spear  Conj/Erth      8%         10d4      100%        8
 Polar Vortex             Ice            32%        12d4*     100%        9
 Animate Armour           Summ/Erth      Unusable   N/A       N/A         4

Dungeon Overview and Level Annotations

Branches:
Dungeon (15/15)            Temple (1/1) D:7            Lair (5/5) D:9
  Swamp (4/4) Lair:3        Snake (4/4) Lair:2        Slime (5/5) Lair:4
    Orc (2/2) D:12            Elf (3/3) Orc:2        Vaults (2/5) D:14
  Crypt (3/3) Vaults:2       Tomb (0/3) Crypt:3      Depths (4/4) D:15
    Zot (5/5) Depths:4     WizLab (visited)         Desolation (visited)

Altars:
Ashenzari
Cheibriados
Dithmenos
Elyvilon
Fedhas
Gozag
Hepliaklqana
Kikubaaqudgha
Makhleb
Nemelex Xobeh
Okawaru
Qazlal
Ru
Sif Muna
Trog
Uskayaw
Vehumet
Wu Jian
Xom
Yredelemnul
Zin
The Shining One
Beogh
Jiyva
Lugonu

Shops:
D:4 *   D:8 [[(*   D:11 *   D:13 ([?(   Orc:1 [   Orc:2 *:[(   Elf:1 :
Elf:3 *   Snake:3 *   Snake:4 [   Depths:1 !   Depths:2 :   Depths:3 [

Portals:
Hell: Depths:1 Depths:2 Depths:3 Depths:4
Abyss: Depths:1 Depths:3 Depths:4
Pandemonium: Depths:1 Depths:2
Ziggurat: Depths:4

Annotations:
D:4 3 runed translucent doors, AutarchDCSS's ghost, amateur DsAl; Biggs's ghost, amateur HuFi
D:8 3 runed translucent doors, markshark's ghost, novice MiFi
D:11 4 exclusions


Innate Abilities, Weirdness & Mutations

You have sharp claws.
You have razor-sharp teeth.
You have supernaturally acute eyesight. (SInv)
Your thick and shaggy fur keeps you warm. (AC +3, rC+)
Your paws help you pounce on unaware monsters.
You are incapable of wielding weapons or throwing items.
You cannot wear armour.
You gain extra lives every three experience levels.
You have a pair of small horns on your head.
Your skin perfectly mimics your surroundings (Stealth+++).
You are agile. (Dex +4, Str/Int -1)
Your magical capacity is low. (-10% MP)
You are somewhat resistant to further mutation.
Your system is resistant to poisons. (rPois)
You do not regenerate when monsters are visible.
You have acidic saliva.
Armour fits poorly on your pseudopods.
You expend magic power (3 MP) to strengthen your wands.
Your melee attacks may engulf your foes in ooze.


Message History

Your phantasmal warrior hits the pillar of rime but does no damage.
Your phantasmal warrior disappears in a puff of smoke!
A sun demon comes into view.
Your phantasmal warrior hits the sun demon!!
The sun demon's willpower is stripped away!
Your phantasmal warrior gestures at the sun demon.
Your phantasmal warrior blinks!
The sun demon moves out of view.
Your phantasmal warrior disappears in a puff of smoke!
What level of the Dungeon? (default 1, ? - help)
A sun demon is nearby!
A hellwing comes into view.
There is an open door here.
There is an open door here.
Jiyva says: Divide and consume!
You hear a distant slurping noise.
There is a stone staircase leading up here.
You fly upwards.
Level annotation: 3 runed translucent doors, AutarchDCSS's ghost, amateur DsAl; Biggs's ghost, amateur HuFi
There is a stone staircase leading down here.
What level of the Dungeon? (default 1, ? - help)
Things that are here:
6 stones; a +0 whip; a kobold skeleton You hear a slurping noise.
You hear a slurping noise.
You hear a distant slurping noise.
You hear a distant slurping noise.
You see here a +0 hand axe.
There is a stone staircase leading up here.
You fly upwards.
There is a stone staircase leading down here.
There is an open door here.
There is a stone staircase leading up here.
You fly upwards.
There is a stone staircase leading down here.
There is an escape hatch in the ceiling here.
A mysterious force pulls you upwards. The hatch slams shut behind you.
There is an open door here.
There is a staircase leading out of the dungeon here.
You have escaped!

...##.####.............#.##.##...
...##.# #.###.###...........#.##
...##.####.###.###.....#.#...#.#.
.......#...............#.#...#.##
.......#...###.#.#####.#.#...#...
###....#...#...#+#...#.#.#...###.
......##...#.###.##..........###.
########...#.#P~.♣##.#.#.#.......
#...#.#P~@.'..#.#.#...###.
#...#.#P~.♣##.#...#.....#.
#####.###.# #.#####..##.#.
#.###+###.# #..#..#. #.........#
#..##.#. ########### #.......
#.###.#. ######.# #.#. #......#
#.##


There were no monsters in sight!

Vanquished Creatures
  5 orbs of fire (Zot:5)
  An ancient lich (Zot:5)
  Sojobo (Depths:2)
  Boris (Depths:4)
  A Killer Klown (Zot:5)
  The ghost of Katt the Executioner, an adept MiFi of the Shining One (Crypt:1)
  2 electric golems (Zot:5)
  A shard shrike skeleton (Crypt:1)
  A quicksilver dragon (Zot:2)
  2 liches (Crypt:3)
  An Orb Guardian (Zot:5)
  2 acid blobs
  5 death cobs
  3 ancient champions
  A rockslime (Slime:3)
  2 storm dragons
  2 revenants (Crypt:3)
  A deep elf sorcerer (Elf:3)
  A frost giant (Depths:4)
  2 azure jellies
  2 draconian knights (Zot:1)
  2 deep elf elementalists (Elf:3)
  2 draconian scorchers
  2 curse skulls (Crypt:3)
  3 draconian stormcallers (Zot:2)
  3 ironbound preservers
  A stone giant (Depths:4)
  A green draconian (Zot:1)
  A deep elf death mage (Elf:1)
  2 black draconians (Zot:1)
  10 vampire knights
  A white draconian (Zot:1)
  2 yellow draconians
  2 red draconians (Zot:1)
  A purple draconian (WizLab)
  2 ettins
  4 eidola (Crypt:3)
  A deep elf high priest (Elf:3)
  A mummy priest (Crypt:3)
  A quicksilver dragon skeleton (Crypt:1)
  10 jiangshi
  A ragged hierophant (Desolation)
  A salamander tyrant (Snake:4)
  4 hydras
  A servant of whispers (Desolation)
  A spriggan air mage (Depths:2)
  A death knight (Crypt:2)
  Erica (D:9)
  A catoblepas (Lair:4)
  3 anacondas
  3 centaur warriors
  3 two-headed ogres (D:9)
  A deep troll shaman (Depths:4)
  A death yak (Lair:5)
  2 vampire magi
  3 deep troll earth magi
  An orc high priest (Orc:2)
  2 occultists (Depths:1)
  A titan zombie (Crypt:2)
  A spriggan berserker (Depths:2)
  A naga sharpshooter (Snake:3)
  A naga warrior (Snake:4)
  A shock serpent (Snake:3)
  2 deep elf knights
  10 shadow wraiths
  2 iron trolls
  A goliath frog (Swamp:3)
  8 skeletal warriors
  A golden dragon zombie (Depths:3)
  A spark wasp zombie (Crypt:2)
  2 mana vipers
  A swamp dragon (Swamp:4)
  4 bog bodies (Crypt:3)
  8 deep trolls
  5 flayed ghosts
  2 shadow dragon zombies
  3 arcanists
  A spriggan druid (Swamp:3)
  17 phantasmal warriors
  A spriggan simulacrum (Depths:3)
  A harpy (Vaults:1)
  An orc knight (Orc:2)
  An ironbound convoker (Vaults:2)
  6 deep elf pyromancers
  A necromancer (Depths:3)
  4 ugly things
  6 deep elf zephyrmancers
  3 cyclopes
  3 moths of wrath (Zot:2)
  A tengu skeleton (Depths:2)
  2 salamanders
  5 large abominations (D:9)
  2 kobold blastminers (Orc:2)
  A black mamba (shapeshifter) (D:9)
  A shock serpent zombie (Crypt:1)
  3 naga magi
  4 black mambas
  A gargoyle (D:12)
  8 cane toads
  Maggie (D:9)
  3 unseen horrors (D:11)
  6 komodo dragons
  Jeremiah (D:9)
  A yaktaur (D:15)
  An efreet (D:14)
  5 freezing wraiths
  Psyche (D:8)
  3 rime drakes
  2 tengu conjurers
  5 guardian mummies (Crypt:3)
  A grey draconian skeleton (Crypt:1)
  A spectral harpy (Crypt:3)
  A troll (D:10)
  2 hornets (D:10)
  An unseen horror skeleton (Crypt:2)
  24 blink frogs
  A tarantella (Vaults:1)
  2 slime creatures (Lair:4)
  9 dream sheep
  A spriggan (Swamp:1)
  5 wyverns
  4 shadows (Crypt:3)
  A vampire (D:10)
  4 small abominations (D:9)
  A human (D:14)
  7 wraiths
  19 yaks
  3 steam dragons
  A redback (Vaults:2)
  3 vampire mosquitoes (D:10)
  2 acid dragons
  2 swamp worms (Swamp:2)
  4 nagas
  11 water moccasins
  2 black bears
  Duvessa (D:5)
  A cane toad skeleton (Crypt:2)
  A swamp drake (Swamp:4)
  A sky beast (D:6)
  A hornet zombie (Crypt:3)
  An ice beast (D:5)
  4 laughing skulls
  4 orc warriors
  2 boggarts
  6 wolves (Lair:2)
  An ogre (D:4)
  7 centaurs
  4 kobold brigands
  An elf zombie (Elf:1)
  A nameless horror (Elf:3)
  2 weeping skulls (Crypt:3)
  9 bullfrogs
  A cyclops zombie (Crypt:3)
  8 wights
  Dowan (D:5)
  15 killer bees
  A howler monkey (D:9)
  4 electric eels
  3 lava snakes (Lair:2)
  3 hounds
  4 jellies
  3 orc priests
  A sleepcap (D:5)
  Jessica (D:2)
  5 iguanas
  8 orc wizards
  Robin (D:2)
  7 adders
  A shadow imp (D:7)
  A dart slug (D:4)
  2 ribbon worms (D:4)
  42 orcs
  8 endoplasms
  2 giant cockroaches
  A gnoll zombie (D:12)
  15 goblins
  9 hobgoblins
  15 kobolds
  2 quokkas
  4 ball pythons
  4 bats
  A dart slug zombie (Crypt:3)
  3 frilled lizards
  3 orc zombies (D:12)
  11 rats
626 creatures vanquished.

Vanquished Creatures (collateral kills)
  A dread lich (Crypt:3)
  2 orbs of fire
  A juggernaut (Depths:4)
  Boris (Depths:2)
  the Lernaean hydra (Swamp:4)
  A Killer Klown (Zot:5)
  4 golden dragons
  Jory (Vaults:2)
  14 Orb Guardians (Zot:5)
  2 liches
  2 tentacled monstrosities
  A walking earthen tome (Depths:1)
  A walking crystal tome (Depths:2)
  12 acid blobs
  2 deep elf blademasters (Elf:3)
  A deep elf master archer (Elf:3)
  3 ancient champions
  2 sphinxes
  2 death cobs
  4 tengu reavers
  A shadow dragon (Zot:5)
  Aizul (Snake:4)
  4 storm dragons
  4 rockslimes
  A nagaraja (Snake:4)
  6 azure jellies
  3 fire giants
  2 draconian knights
  5 imperial myrmidons (Desolation)
  2 deep elf sorcerers
  7 frost giants
  A draconian shifter (Zot:1)
  5 vault wardens
  An angel (D:11)
  3 ghouls
  3 deep elf elementalists
  A reaper (Crypt:2)
  2 draconian annihilators (WizLab)
  6 formless jellyfish
  2 draconian stormcallers
  5 ironbound preservers
  2 orc warlords
  3 ironbound thunderhulks
  7 stone giants
  3 green draconians
  2 vampire knights
  7 quicksilver oozes
  3 very ugly things
  3 black draconians
  A yellow draconian (Zot:5)
  3 deep elf demonologists (Elf:3)
  2 war gargoyles (Vaults:2)
  3 white draconians (Zot:5)
  4 deep elf death magi
  11 purple draconians
  3 red draconians
  7 bunyips
  2 deep elf annihilators
  7 statues (WizLab)
  5 eidola
  An ettin (Depths:4)
  2 fire dragons
  2 yaktaur captains (Vaults:2)
  9 servants of whispers (Desolation)
  An entropy weaver (Vaults:2)
  5 jiangshi
  2 deep elf high priests (Elf:3)
  3 crystal guardians
  A rakshasa (Depths:1)
  3 ragged hierophants (Desolation)
  8 peacekeepers
  5 ice dragons
  22 hydras
  4 vault guards
  7 anacondas
  A great orb of eyes (Slime:5)
  An ironbound frostheart (Vaults:2)
  9 alligators
  A caustic shrike simulacrum (Crypt:1)
  A spriggan air mage (Depths:3)
  2 ghost crabs
  3 boulder beetles
  2 centaur warriors
  28 dancing weapons
  3 death knights
  4 deep troll shamans
  7 death yaks (Lair:5)
  A two-headed ogre (D:14)
  A vampire mage (Crypt:1)
  6 naga warriors
  A sphinx skeleton (Vaults:2)
  4 deep troll earth magi
  4 occultists
  11 naga sharpshooters
  An orc high priest (Orc:2)
  5 shock serpents
  2 titan zombies (Crypt:1)
  A spectral dire elephant (Crypt:3)
  A titan skeleton (Crypt:3)
  A deep elf knight (Elf:2)
  A quicksilver ooze zombie (Slime:4)
  A sun demon (Depths:2)
  6 iron trolls
  2 salamander mystics
  A sixfirhy (D:8)
  22 skeletal warriors
  4 skysharks
  6 shadow wraiths (Crypt:3)
  2 goliath frogs (Lair:5)
  A deep elf archer (Elf:1)
  28 deep trolls
  A glowing orange brain (Slime:5)
  A spriggan rider (Swamp:1)
  3 mana vipers
  2 spriggan druids
  An arcanist (Vaults:1)
  15 bog bodies
  2 lindwurms
  An obsidian bat (Orc:2)
  13 phantasmal warriors
  9 swamp dragons
  A fenstrider witch simulacrum (Crypt:1)
  9 orc knights
  8 flayed ghosts
  An ugly thing zombie (D:15)
  12 deep elf pyromancers
  5 naga ritualists
  6 necromancers
  8 ironbound convokers
  7 deep elf zephyrmancers
  15 ugly things
  A tengu skeleton (Depths:2)
  7 will-o-the-wisps
  3 harpies
  3 shining eyes
  A moth of wrath (Zot:5)
  2 orc sorcerers (Orc:2)
  2 shadow dragon skeletons
  3 cyclopes (D:15)
  A goliath frog skeleton (Crypt:2)
  4 salamanders
  An elephant (Lair:5)
  3 eyes of devastation
  A large abomination (Elf:1)
  A meliai (D:15)
  2 kobold blastminers (Orc:2)
  4 vault sentinels
  18 black mambas
  A frost giant skeleton (Vaults:2)
  4 naga magi
  4 guardian serpents
  A centaur skeleton (Crypt:1)
  A dire elephant skeleton (Crypt:3)
  3 molten gargoyles (Desolation)
  8 cane toads
  A swamp worm zombie (Crypt:3)
  A rime drake (Lair:3)
  A rime drake (shapeshifter) (Elf:2)
  2 nameless horrors
  8 freezing wraiths
  3 komodo dragons
  7 yaktaurs
  A red draconian skeleton (Crypt:1)
  4 tengu conjurers (WizLab)
  4 guardian mummies (Crypt:3)
  A polar bear (Lair:2)
  A yaktaur skeleton (Vaults:2)
  4 trolls
  Grinder (D:6)
  A deep troll zombie (D:15)
  A merfolk (D:14)
  5 tyrant leeches
  11 blink frogs
  A hydra skeleton (Crypt:1)
  A tengu simulacrum (Depths:2)
  2 glass eyes (Slime:4)
  40 saltlings (Desolation)
  An ettin zombie (Crypt:1)
  5 hornets
  6 dream sheep
  A satyr zombie (Crypt:1)
  79 slime creatures
  8 wraiths
  7 shadows
  5 air elementals
  5 spriggans
  6 water elementals
  3 ettin skeletons
  7 humans (D:14)
  18 yaks
  A wyvern (Lair:4)
  A warg (Orc:2)
  2 fire elementals
  15 golden eyes
  A hog (shapeshifter) (Elf:2)
  A basilisk (Lair:5)
  A redback (Vaults:1)
  12 vampire mosquitoes
  Edmund (D:5)
  A naga zombie (Crypt:1)
  A glowing shapeshifter zombie (Crypt:1)
  A tengu zombie (D:15)
  A merfolk zombie (Crypt:1)
  A skyshark zombie (Crypt:3)
  2 two-headed ogre zombies
  11 swamp worms
  14 nagas
  3 water moccasins
  4 swamp drakes
  2 glowing shapeshifter skeletons
  10 laughing skulls
  A sky beast (D:6)
  18 orc warriors
  3 ogres
  2 small abominations (D:9)
  2 wolves (Depths:3)
  A boggart (Vaults:2)
  3 centaurs
  2 phantoms
  2 elf zombies (Elf:1)
  7 weeping skulls (Crypt:3)
  2 earth elementals
  8 bullfrogs
  3 human skeletons (Vaults:2)
  A kobold zombie (Orc:2)
  A cyclops zombie (D:15)
  7 wights
  2 spriggan zombies
  2 troll zombies (D:12)
  A howler monkey (D:9)
  A centaur zombie (D:15)
  3 human zombies
  A jelly (Lair:4)
  5 orc priests
  8 orc wizards
  5 ogre zombies (D:12)
  2 shadow imps
  A white imp (D:5)
  A lava snake skeleton (Crypt:2)
  24 orcs
  6 gnoll skeletons (D:12)
  5 gnoll zombies (D:12)
  16 orc zombies
1134 creatures vanquished.

Vanquished Creatures (others)
  12 acid blobs
  3 azure jellies
  3 rockslimes
  A frost giant (Depths:3)
  6 quicksilver oozes
  A stone giant (Depths:2)
  4 formless jellyfish
  An ironbound thunderhulk (Vaults:1)
  An acid blob zombie (Slime:1)
  4 great orbs of eyes
  2 hydras
  An azure jelly zombie (Slime:1)
  An occultist (Depths:1)
  A quicksilver ooze zombie (Slime:1)
  A storm dragon zombie (Vaults:2)
  A deep elf knight (Elf:1)
  A sixfirhy (Depths:1)
  2 bunyip zombies
  2 anaconda zombies (Snake:3)
  2 deep trolls
  4 glowing orange brains
  An ironbound convoker (Vaults:1)
  A necromancer (Elf:1)
  A lindwurm (Vaults:1)
  A deep elf zephyrmancer (Elf:2)
  4 ugly thing zombies (D:14)
  A meliai (D:15)
  A vault sentinel (Vaults:1)
  A shock serpent zombie (Snake:4)
  A formless jellyfish zombie (Slime:4)
  3 mana viper zombies
  2 swamp worm zombies
  4 death yak zombies (Lair:5)
  3 yaktaurs
  3 tengu conjurers (WizLab)
  A great orb of eyes zombie (Slime:5)
  A harpy zombie (Vaults:2)
  4 hydra zombies
  4 bloated husks
  3 human zombies
  33 slime creatures
  11 black mamba zombies
  A spriggan zombie (Swamp:3)
  A tyrant leech zombie (Lair:5)
  14 slime creature zombies
  A skyshark zombie (Lair:5)
  A deep troll zombie (Vaults:2)
  4 cane toad zombies (Lair:5)
  3 swamp drakes (Swamp:4)
  2 swamp dragon zombies
  An orc warrior (Orc:1)
  5 dream sheep zombies (Lair:5)
  3 elf zombies (Elf:2)
  A lindwurm zombie (Lair:5)
  12 blink frog zombies
  A hog zombie (Elf:2)
  7 boggarts
  A salamander zombie (Snake:3)
  2 wyvern zombies
  A cyclops zombie (D:15)
  2 water moccasin zombies
  184 jellies
  6 yak zombies
  A troll zombie (Orc:2)
  A bullfrog zombie (Lair:5)
  7 centaur zombies
  A boggart zombie (Vaults:2)
  5 naga zombies
  A swamp drake zombie (Swamp:4)
  2 orc zombies
  4 orcs
  An orc skeleton (Crypt:2)
  25 foxfires
439 creatures vanquished.

Grand Total: 2199 creatures vanquished

Notes
Turn   | Place    | Note
-------+----------+-------------------------------------------
     0 | D:1      | Oneirical the Felid Ice Elementalist began the quest for
                  | the Orb.
     0 | D:1      | Reached XP level 1. HP: 9/9 MP: 4/4
   350 | D:1      | Reached XP level 2. HP: 3/13 MP: 3/6
  1472 | D:2      | Noticed Jessica
  1476 | D:2      | Reached XP level 3. HP: 16/16 MP: 1/8
  1482 | D:1      | Learned a level 3 spell: Frozen Ramparts
  1486 | D:1      | Learned a level 3 spell: Ozocubu's Armour
  1670 | D:2      | Killed Jessica
  2008 | D:2      | Noticed Robin
  2014 | D:2      | Reached XP level 4. HP: 20/21 MP: 2/9
  2014 | D:2      | Gained a life (2 lives remaining)
  2022 | D:2      | Killed Robin
  2484 | D:3      | Killed from afar by an orc priest
  2484 | D:3      | Lost a life (1 life remaining)
  2513 | D:3      | zewo: ow
  2516 | D:3      | Oneirical: i asked for it
  2669 | D:3      | Reached XP level 5. HP: 24/24 MP: 3/11
  2903 | D:3      | Reached skill level 5 in Ice Magic
  3015 | D:3      | Found a faded altar of an unknown god.
  3105 | D:3      | zewo: i won a FeSu
  3132 | D:3      | zewo: never again
  3132 | D:3      | Oneirical: blasphemy?
  3132 | D:3      | Oneirical: in MY chat?
  3132 | D:3      | Oneirical: only 10 attempts
  3132 | D:3      | Oneirical: very well done
  3191 | D:3      | Found a stormy altar of Qazlal.
  3247 | D:3      | zewo: I had given up
  3576 | D:3      | zewo: but a friend won following your guide
  3620 | D:4      | zewo: so i had to do it too
  3623 | D:4      | Oneirical: doesn't seem so bad when i look at the morgue
  3623 | D:4      | Oneirical: only 9 ddoor casts
  3790 | D:4      | Noticed a phantom
  3792 | D:4      | Identified a scroll of acquirement
  3800 | D:4      | Learned a level 3 spell: Summon Ice Beast
  3992 | D:4      | Reached skill level 1 in Summonings
  3992 | D:4      | Gained mutation: You are covered in thick fur. (AC +2)
                  | [Felid growth]
  3992 | D:4      | Reached XP level 6. HP: 28/28 MP: 4/13
  4175 | D:4      | Found a runed translucent gate.
  4175 | D:4      | Found a runed translucent gate.
  4175 | D:4      | Found a runed translucent gate.
  4292 | D:4      | Noticed AutarchDCSS's ghost (amateur DsAl)
  4292 | D:4      | Noticed Biggs's ghost (amateur HuFi)
  4516 | D:4      | Reached XP level 7. HP: 17/32 MP: 4/15
  4516 | D:4      | Gained a life (2 lives remaining)
  4833 | D:4      | Reached skill level 5 in Spellcasting
  4910 | D:4      | Found Qilakam's General Store.
  4916 | D:4      | Bought a scroll of amnesia for 40 gold pieces
  4916 | D:4      | Bought a scroll of teleportation for 30 gold pieces
  4916 | D:4      | Bought a scroll of vulnerability for 40 gold pieces
  5005 | D:5      | Entered Level 5 of the Dungeon
  5096 | D:5      | Acquired 958 gold pieces
  5242 | D:5      | Noticed Edmund
  5257 | D:5      | Killed Edmund
  5609 | D:5      | zewo: that seems like a lot to me lol
  5617 | D:5      | Reached XP level 8. HP: 36/36 MP: 4/17
  5617 | D:5      | Oneirical: i average around 80 casts on 15 runes, 25 casts
                  | on 3 runes
  5708 | D:5      | Noticed Duvessa
  5708 | D:5      | Noticed Dowan
  5717 | D:5      | Killed Dowan
  5717 | D:5      | Killed Duvessa
  6005 | D:5      | Found a hide-covered altar of Uskayaw.
  6005 | D:5      | Found an ornate altar of the Wu Jian Council.
  6005 | D:5      | Found a bloodstained altar of Trog.
  6318 | D:6      | Noticed Grinder
  6336 | D:6      | Killed Grinder
  6427 | D:6      | Found a basalt altar of Yredelemnul.
  6456 | D:6      | Reached skill level 5 in Summonings
  6470 | D:6      | zewo: lol why not have an rC++ killing machine in early
                  | dungeon !!
  6599 | D:6      | zewo: oh you want to do ice magic, too bad !
  6604 | D:6      | Oneirical: to be fair it was pretty easy to avoid it
  6604 | D:6      | Oneirical: i could have just not fought it
  7023 | D:6      | zewo: whoa cats don't do reason
  7078 | D:6      | Reached XP level 9. HP: 17/39 MP: 15/20
  7580 | D:7      | Found a shimmering altar of Xom.
  8054 | D:7      | Found a glowing golden altar of the Shining One.
  8206 | D:7      | Found a staircase to the Ecumenical Temple.
  8222 | D:7      | Found a radiant altar of Vehumet.
  8232 | Temple   | Entered the Ecumenical Temple
  8324 | D:7      | You fall into a shaft and drop 2 floors!
  8336 | D:9      | Noticed Maggie
  8364 | D:9      | Killed Maggie
  8486 | D:9      | Noticed an entropy weaver
  8491 | D:9      | Noticed a black mamba
  8500 | D:9      | Killed a black mamba
  8663 | D:9      | Noticed Jeremiah
  8665 | D:9      | Noticed an arcanist
  8672 | D:9      | Killed Jeremiah
  8673 | D:9      | Reached skill level 10 in Spellcasting
  8673 | D:9      | Reached skill level 1 in Fighting
  8675 | D:9      | Killed an arcanist
  8675 | D:9      | Noticed a large abomination
  8676 | D:9      | Reached XP level 10. HP: 22/47 MP: 18/25
  8680 | D:9      | Slain by a small abomination
  8680 | D:9      | Lost a life (1 life remaining)
  8721 | D:9      | Noticed Erica
  8735 | D:9      | Found a staircase to the Lair.
  8751 | D:9      | Reached skill level 5 in Dodging
  8768 | D:9      | Noticed a two-headed ogre
  8773 | D:10     | Entered Level 10 of the Dungeon
  8916 | D:9      | Noticed a large abomination
  8923 | D:9      | Killed a large abomination
  8931 | D:9      | Killed a large abomination
  8949 | D:9      | Noticed a large abomination
  8982 | D:9      | Killed a large abomination
  8983 | D:9      | Reached skill level 5 in Fighting
  9149 | D:9      | Identified the ring "Nogreos" {Fly rF+ rCorr Str-3 SInv}
  9176 | D:9      | Noticed a large abomination
  9192 | D:9      | Killed a large abomination
  9316 | D:9      | Noticed a large abomination
  9324 | D:9      | Slain by a large abomination
  9324 | D:9      | Lost a life (0 lives remaining)
  9334 | D:9      | Killed a large abomination
  9760 | D:8      | Found Peblihos's Armour Emporium.
  9762 | D:8      | Found Paobirol's Antique Weapon Emporium.
  9762 | D:8      | Found Jipaerenn's Antique Armour Emporium.
 10070 | D:8      | Found Fuffisiu's Assorted Antiques.
 10079 | D:8      | Reached XP level 11. HP: 43/57 MP: 17/26
 10079 | D:8      | Gained a life (1 life remaining)
 10138 | D:8      | Bought a scroll of identify for 40 gold pieces
 10138 | D:8      | Bought a viscous green potion for 18 gold pieces
 10160 | D:8      | Found a runed translucent gate.
 10160 | D:8      | Found a runed translucent gate.
 10162 | D:8      | Found a runed translucent gate.
 10162 | D:8      | Identified the +2 chain mail "Aczuetuo" {Regen+ Dex+2}
 10163 | D:8      | Noticed markshark's ghost (novice MiFi)
 10277 | D:8      | Found a sparkling altar of Nemelex Xobeh.
 10311 | D:8      | Noticed Psyche
 10320 | D:8      | Killed Psyche
 10766 | D:8      | Reached skill level 10 in Dodging
 10966 | D:8      | Found an ancient bone altar of Kikubaaqudgha.
 10999 | D:8      | Found a roughly hewn altar of Beogh.
 11000 | D:8      | Found the +0 mask of the Dragon {Will+ Slay+3 SInv}
 11238 | D:10     | Noticed a deep elf pyromancer
 11286 | D:9      | Killed a two-headed ogre
 11312 | D:9      | Killed Erica
 11432 | D:9      | Noticed a two-headed ogre
 11435 | D:9      | Noticed a two-headed ogre
 11449 | D:9      | Killed a two-headed ogre
 11453 | D:9      | Killed a two-headed ogre
 11808 | Lair:1   | Entered Level 1 of the Lair of Beasts
 11917 | D:10     | Identified the +7 whip of Purpose {venom, Stlth+}
 12005 | D:10     | Reached skill level 10 in Fighting
 12142 | D:10     | Noticed a green ugly thing
 12144 | D:10     | Noticed a deep elf pyromancer
 12152 | D:10     | Paralysed by a hornet for 1 turns
 12157 | D:10     | Reached skill level 1 in Necromancy
 12163 | D:10     | Killed a deep elf pyromancer
 12621 | D:10     | Found a hazy altar of Hepliaklqana.
 12923 | D:10     | Killed a green ugly thing
 12924 | D:10     | Reached skill level 5 in Necromancy
 13035 | D:10     | Killed a deep elf pyromancer
 13398 | D:11     | Gained mutation: Your thick and shaggy fur keeps you warm.
                  | (AC +3, rC+) [Felid growth]
 13398 | D:11     | Reached XP level 12. HP: 67/67 MP: 18/27
 13520 | D:11     | Found Cafed's Assorted Antiques.
 13563 | D:11     | Bought a scroll of identify for 46 gold pieces
 13563 | D:11     | Bought a scroll of teleportation for 69 gold pieces
 13563 | D:11     | Bought a bubbling puce potion for 20 gold pieces
 13563 | D:11     | Bought a purple potion for 20 gold pieces
 14805 | D:8      | Became a worshipper of Kikubaaqudgha
 16394 | Lair:2   | Noticed a five-headed hydra
 16424 | Lair:2   | Killed a five-headed hydra
 16426 | Lair:2   | Reached skill level 10 in Necromancy
 17119 | Lair:2   | Reached * piety under Kikubaaqudgha
 17119 | Lair:2   | Received a gift from Kikubaaqudgha
 17521 | Lair:2   | Found a staircase to the Snake Pit.
 17543 | Lair:2   | Learned a level 4 spell: Animate Dead
 18056 | Lair:3   | Noticed a four-headed hydra
 18072 | Lair:3   | Killed a four-headed hydra
 18264 | Lair:3   | Found a staircase to the Swamp.
 18446 | Lair:3   | Reached XP level 13. HP: 72/72 MP: 21/28
 18446 | Lair:3   | Gained a life (2 lives remaining)
 20062 | Lair:4   | Found a staircase to the Slime Pits.
 20073 | Lair:4   | Reached ** piety under Kikubaaqudgha
 21008 | Lair:5   | Entered Level 5 of the Lair of Beasts
 21075 | Lair:5   | Reached skill level 15 in Necromancy
 21118 | Lair:5   | Slain by a skyshark
 21118 | Lair:5   | Lost a life (1 life remaining)
 21124 | Lair:5   | Reached *** piety under Kikubaaqudgha
 21124 | Lair:5   | Received a gift from Kikubaaqudgha
 21128 | Lair:5   | Acquired the Parchment of the Grisly Chill
 21139 | Lair:5   | Learned a level 6 spell: Death Channel
 21147 | Lair:5   | Learned a level 7 spell: Rimeblight
 21286 | Lair:5   | Reached XP level 14. HP: 59/77 MP: 18/29
 21301 | Lair:5   | Reached **** piety under Kikubaaqudgha
 22542 | Lair:5   | Reached ***** piety under Kikubaaqudgha
 22550 | Lair:5   | Reached skill level 10 in Ice Magic
 24058 | D:12     | Found a staircase to the Orcish Mines.
 25232 | D:13     | Found a frozen archway.
 25495 | D:13     | Found Haafa's Armour Shop.
 25625 | D:13     | Found Zong's Magic Scroll Boutique.
 25633 | D:13     | Bought a scroll of amnesia for 44 gold pieces
 25633 | D:13     | Bought a scroll of immolation for 44 gold pieces
 25633 | D:13     | Bought a scroll of identify for 22 gold pieces
 25633 | D:13     | Bought a scroll of teleportation for 33 gold pieces
 25633 | D:13     | Bought a scroll of identify for 22 gold pieces
 25697 | D:13     | Found Ywnelaf's Antique Weapon Boutique.
 26140 | D:13     | Found Telioh's Weapon Boutique.
 26318 | D:14     | Reached ****** piety under Kikubaaqudgha
 26319 | D:14     | Reached XP level 15. HP: 61/80 MP: 4/30
 26319 | D:14     | Received a gift from Kikubaaqudgha (forbidden knowledge)
 26487 | D:14     | Learned a level 8 spell: Infestation
 27635 | Slime:1  | Entered Level 1 of the Pits of Slime
 27635 | Slime:1  | Noticed an acid blob
 27640 | Slime:1  | Found a viscous altar of Jiyva.
 27642 | Slime:1  | Killed an acid blob
 27775 | Slime:1  | Noticed a rockslime
 27783 | Slime:1  | Killed a rockslime
 28034 | Slime:1  | Noticed an acid blob
 28040 | Slime:1  | Noticed an azure jelly
 28042 | Slime:1  | Killed an acid blob
 28044 | Slime:1  | Killed an azure jelly
 28374 | Slime:2  | Noticed an acid blob
 28376 | Slime:2  | Noticed an azure jelly
 28381 | Slime:2  | Killed an acid blob
 28382 | Slime:2  | Killed an azure jelly
 28542 | Slime:2  | Noticed a rockslime
 28548 | Slime:2  | Killed a rockslime
 28817 | Slime:3  | Noticed a rockslime
 28825 | Slime:3  | Killed a rockslime
 28981 | Slime:4  | Noticed a rockslime
 28986 | Slime:4  | Noticed an azure jelly
 28987 | Slime:4  | Killed a rockslime
 28994 | Slime:4  | Noticed an acid blob
 28995 | Slime:4  | Killed an azure jelly
 29003 | Slime:4  | Killed an acid blob
 29025 | Slime:4  | Learned a level 7 spell: Haunt
 29483 | Slime:5  | Entered Level 5 of the Pits of Slime
 29492 | Slime:5  | Reached XP level 16. HP: 78/85 MP: 12/32
 29492 | Slime:5  | Gained a life (2 lives remaining)
 29507 | Slime:5  | Noticed an acid blob
 29511 | Slime:5  | Killed an acid blob
 29541 | Slime:5  | Noticed an acid blob
 29548 | Slime:5  | Killed an acid blob
 29560 | Slime:5  | Noticed an acid blob
 29570 | Slime:5  | Noticed an acid blob
 29580 | Slime:5  | Killed an acid blob
 29581 | Slime:5  | Killed an acid blob
 29616 | Slime:5  | Noticed an acid blob
 29622 | Slime:5  | Killed an acid blob
 29652 | Slime:5  | Noticed an acid blob
 29659 | Slime:5  | Killed an acid blob
 29686 | Slime:5  | Found a viscous altar of Jiyva.
 29755 | Slime:4  | Noticed an acid blob
 29760 | Slime:4  | Killed an acid blob
 29763 | Slime:4  | HP: 2/85 [azure jelly (6)]
 29763 | Slime:4  | Mangled by an azure jelly
 29763 | Slime:4  | Lost a life (1 life remaining)
 29800 | Slime:2  | Noticed an acid blob
 29807 | Slime:2  | Killed an acid blob
 29808 | Slime:2  | Reached skill level 10 in Summonings
 29827 | Slime:2  | Noticed an acid blob
 29832 | Slime:2  | Killed an acid blob
 30336 | Slime:1  | Fell from the grace of Kikubaaqudgha
 30336 | Slime:1  | Became a worshipper of Jiyva Jowueria the Shapeless
 30495 | Orc:1    | Entered Level 1 of the Orcish Mines
 30495 | Orc:1    | Found Matucloq's Armour Shop.
 30817 | Orc:1    | Found a radiant altar of Vehumet.
 30956 | Orc:1    | Reached * piety under Jiyva
 31317 | Orc:2    | Entered Level 2 of the Orcish Mines
 31321 | Orc:2    | Found Wybooqug's Book Emporium.
 31372 | Orc:2    | Found Qusoirr's Antique Armour Boutique.
 31393 | Orc:2    | Found Vosa's Antique Weapon Shop.
 31523 | Orc:2    | Found a burning altar of Makhleb.
 31645 | Orc:2    | Found a staircase to the Elven Halls.
 31688 | Orc:2    | Reached ** piety under Jiyva
 31790 | Orc:2    | Found Soshraeza's General Store.
 31798 | Orc:2    | Bought a potion of resistance for 120 gold pieces
 32039 | D:15     | Entered Level 15 of the Dungeon
 32080 | D:14     | Reached XP level 17. HP: 58/61 MP: 14/36
 33041 | D:15     | Found a staircase to the Depths.
 33405 | D:15     | Found a white marble altar of Elyvilon.
 33407 | D:15     | Found a glowing golden altar of the Shining One.
 33409 | D:15     | Found a glowing silver altar of Zin.
 33430 | D:15     | Learned a level 9 spell: Death's Door
 33545 | D:14     | Reached *** piety under Jiyva
 33598 | D:14     | Found a hide-covered altar of Uskayaw.
 33778 | D:14     | Found a gate to the Vaults.
 34036 | Swamp:1  | Entered Level 1 of the Swamp
 34179 | Swamp:1  | You fall into a shaft and drop 1 floor!
 34363 | Swamp:2  | Found a stormy altar of Qazlal.
 34410 | Swamp:2  | Lost strength.
 34880 | Swamp:2  | Was forgiven by Kikubaaqudgha
 34971 | Swamp:2  | Reached **** piety under Jiyva
 35156 | Swamp:3  | Gained mutation: Your body has grown eyes which may confuse
                  | attackers. (Acc +3) [Jiyva's grace]
 35156 | Swamp:3  | Gained mutation: Your body has grown many eyes which may
                  | confuse attackers. (Acc +5) [Jiyva's grace]
 35156 | Swamp:3  | Gained mutation: Your body is covered in eyes which may
                  | confuse attackers. (Acc +7, SInv) [Jiyva's grace]
 35156 | Swamp:3  | Gained mutation: You are partially covered in iridescent
                  | scales. (AC +2) [Jiyva's grace]
 35346 | Swamp:3  | Killed from afar by a death drake
 35346 | Swamp:3  | Lost a life (0 lives remaining)
 35347 | Swamp:3  | Reached ***** piety under Jiyva
 35530 | Swamp:4  | Entered Level 4 of the Swamp
 35655 | Swamp:4  | Reached XP level 18. HP: 92/93 MP: 10/37
 35658 | Swamp:4  | Noticed a tentacled monstrosity
 35659 | Swamp:4  | Noticed the 27-headed Lernaean hydra
 35661 | Swamp:4  | Killed a tentacled monstrosity
 35665 | Swamp:4  | Killed the 26-headed Lernaean hydra
 35805 | Swamp:4  | Got the Cyclopedia of the Lithosphere and Projection
 35960 | Swamp:4  | Got a decaying rune of Zot
 35992 | Swamp:4  | Identified the ring "Juam Lud" {+Blink rElec rC+ Will+}
 36319 | Snake:1  | Entered Level 1 of the Snake Pit
 36348 | Snake:1  | Reached skill level 1 in Evocations
 36534 | Snake:1  | Reached skill level 2 in Evocations
 36584 | Snake:1  | Lost mutation: You are partially covered in iridescent
                  | scales. (AC +2) [Jiyva's grace]
 36584 | Snake:1  | Gained mutation: Your spells are a little harder to cast,
                  | but a little more powerful. [Jiyva's grace]
 36584 | Snake:1  | Gained mutation: Your spells are harder to cast, but more
                  | powerful. [Jiyva's grace]
 36584 | Snake:1  | Gained mutation: Your spells are much harder to cast, but
                  | much more powerful. [Jiyva's grace]
 36584 | Snake:1  | Gained mutation: You have a small jelly attached to you
                  | that may absorb projectiles. [Jiyva's grace]
 36622 | Snake:1  | Reached skill level 3 in Evocations
 37165 | Snake:1  | Reached ****** piety under Jiyva
 37649 | Snake:2  | Reached skill level 4 in Evocations
 37809 | Snake:2  | Reached skill level 5 in Evocations
 38163 | Snake:3  | Found Loawkeig's General Store.
 38172 | Snake:3  | Reached skill level 6 in Evocations
 38203 | Snake:3  | Bought a scroll of fog for 68 gold pieces
 38203 | Snake:3  | Bought a scroll of teleportation for 51 gold pieces
 38249 | Snake:3  | Lost mutation: Your spells are much harder to cast, but
                  | much more powerful. [Jiyva's grace]
 38249 | Snake:3  | Lost mutation: Your body is covered in eyes which may
                  | confuse attackers. (Acc +7, SInv) [Jiyva's grace]
 38249 | Snake:3  | Gained mutation: You are robust. (+10% HP) [Jiyva's grace]
 38249 | Snake:3  | Gained mutation: You are very robust. (+20% HP) [Jiyva's
                  | grace]
 38249 | Snake:3  | Gained mutation: You are extremely robust. (+30% HP)
                  | [Jiyva's grace]
 38249 | Snake:3  | Gained mutation: You are agile. (Dex +4, Str/Int -1)
                  | [Jiyva's grace]
 38381 | Snake:3  | Found a transporter.
 38492 | Snake:3  | Found a transporter.
 38492 | Snake:3  | Found the +8 demon blade "Leech" {evervamp, Harm ^Drain
                  | rN+}
 38594 | Snake:3  | Reached skill level 7 in Evocations
 38812 | Snake:3  | Identified the staff "Suehobar" {rElec rC- Stlth+ Hexes Air
                  | Earth}
 38815 | Snake:3  | Identified the +0 leather armour "Sixukh" {^Contam rN+
                  | rCorr}
 38817 | Snake:3  | Identified the ring "Bipony" {rF- rN+ rCorr Str+6 Dex+2}
 38827 | Snake:3  | Identified the ring "Xoruudisk" {^Contam rElec rPois rN+}
 38879 | Snake:4  | Entered Level 4 of the Snake Pit
 39091 | Snake:4  | Reached XP level 19. HP: 127/127 MP: 36/38
 39091 | Snake:4  | Gained a life (1 life remaining)
 39096 | Snake:4  | Noticed Saint Roka
 39110 | Snake:4  | Killed Saint Roka
 39168 | Snake:4  | Reached skill level 8 in Evocations
 39170 | Snake:4  | Identified the serpent talisman "Ulleriost" {*Corrode
                  | +Blink Str+3 Int+2}
 39170 | Snake:4  | Noticed Aizul
 39174 | Snake:4  | Killed Aizul
 39180 | Snake:4  | Noticed Vashnia
 39187 | Snake:4  | Killed Vashnia
 39348 | Snake:4  | Reached skill level 9 in Evocations
 39589 | Snake:4  | Identified the +5 rapier "Sinocs" {vamp, rC+ Will+ Int-4
                  | Stlth+}
 39912 | Snake:4  | Found Hulleam's Antique Armour Shoppe.
 40326 | Snake:4  | Reached skill level 10 in Evocations
 40434 | Snake:4  | Got a serpentine rune of Zot
 40905 | Slime:5  | Identified the amulet "Kiareuluxei" {Spirit Will+ Str+4
                  | Int-4}
 40937 | Slime:5  | Identified the +1 scale mail "Turub" {rF++ rC+ Str-2}
 40947 | Slime:5  | Identified the +8 shortbow "Roschump" {freeze, rElec Dex-2
                  | SInv Stlth-}
 40956 | Slime:5  | Identified the ring "Azxonopo" {Fly rF+ MP+9}
 40959 | Slime:5  | Got a slimy rune of Zot
 40967 | Slime:5  | Identified the ring "Xumof" {*Slow Fly rElec AC+4 Dex+3}
 41216 | Elf:1    | Entered Level 1 of the Elven Halls
 41304 | Elf:1    | Paralysed by an air elemental for 1 turns
 41416 | Elf:1    | Reached skill level 11 in Evocations
 41484 | Elf:1    | Got the Atlas of Abominable Magic
 41688 | Elf:1    | Lost mutation: You are extremely robust. (+30% HP) [Jiyva's
                  | grace]
 41688 | Elf:1    | Lost mutation: Your body has grown many eyes which may
                  | confuse attackers. (Acc +5) [Jiyva's grace]
 41688 | Elf:1    | Gained mutation: You have acidic saliva. [Jiyva's grace]
 41688 | Elf:1    | Gained mutation: You expend magic power (3 MP) to
                  | strengthen your wands. [Jiyva's grace]
 41688 | Elf:1    | Gained mutation: You are extremely robust. (+30% HP)
                  | [Jiyva's grace]
 41688 | Elf:1    | Gained mutation: You have a pair of small horns on your
                  | head. [Jiyva's grace]
 41693 | Elf:1    | Found a crumbling gateway.
 41712 | Desolati | Entered the Desolation of Salt
 41818 | Desolati | Reached skill level 12 in Evocations
 41888 | Desolati | Got the Quarto of the Volatile Syncline
 41905 | Desolati | Reached XP level 20. HP: 132/132 MP: 27/39
 41961 | Desolati | Got the Parchment of the Protean Geologist
 42576 | Elf:1    | Paralysed by an air elemental for 1 turns
 42577 | Elf:1    | Reached skill level 13 in Evocations
 42712 | Elf:1    | Found Lelizora's Book Boutique.
 42902 | Elf:1    | You fall into a shaft and drop 1 floor!
 43106 | Elf:2    | Lost mutation: Your spells are harder to cast, but more
                  | powerful. [Jiyva's grace]
 43106 | Elf:2    | Lost mutation: Your body has grown eyes which may confuse
                  | attackers. (Acc +3) [Jiyva's grace]
 43106 | Elf:2    | Lost mutation: You have a small jelly attached to you that
                  | may absorb projectiles. [Jiyva's grace]
 43106 | Elf:2    | Gained mutation: Your muscles are strong. (Str +4, Int/Dex
                  | -1) [Jiyva's grace]
 43106 | Elf:2    | Gained mutation: Your muscles are very strong. (Str +8,
                  | Int/Dex -2) [Jiyva's grace]
 43106 | Elf:2    | Gained mutation: Your flesh is heat resistant. (rF+)
                  | [Jiyva's grace]
 43106 | Elf:2    | Gained mutation: Your flesh is very heat resistant. (rF++)
                  | [Jiyva's grace]
 43301 | Elf:2    | Found a runed translucent gate.
 43301 | Elf:2    | Found a runed translucent gate.
 43302 | Elf:2    | Found a runed translucent gate.
 43688 | Elf:2    | Reached skill level 14 in Evocations
 44030 | Elf:3    | Entered Level 3 of the Elven Halls
 44253 | Elf:3    | Identified the ring "Igeitat" {Fly AC+4 SInv}
 44268 | Elf:3    | HP: 6/132 [ghostly deep elf blademaster/+0 rapier (14)]
 44445 | Elf:3    | Identified the +9 long sword "Vipt" {heavy, Will- Int+4
                  | Stlth+}
 44455 | Elf:3    | Reached skill level 15 in Evocations
 44494 | Elf:3    | Identified the amulet of Contentment {Reflect rN++ Dex-3
                  | SH+5 Stlth+}
 44547 | Elf:3    | Identified the +6 morningstar of In Flagrante Delicto
                  | {freeze, rCorr Int+4}
 44920 | Elf:3    | Found Sinnum's Overcharged Wands.
 45098 | Elf:3    | Got Sif Muna's Quarto of Fuming Reformation
 45462 | Vaults:1 | Entered Level 1 of the Vaults
 45593 | Vaults:1 | Reached XP level 21. HP: 102/139 MP: 10/40
 45654 | Vaults:1 | Reached skill level 16 in Evocations
 45715 | Vaults:1 | Lost mutation: You are extremely robust. (+30% HP) [Jiyva's
                  | grace]
 45715 | Vaults:1 | Lost mutation: You have acidic saliva. [Jiyva's grace]
 45715 | Vaults:1 | Gained mutation: You are partially covered in iridescent
                  | scales. (AC +2) [Jiyva's grace]
 45715 | Vaults:1 | Gained mutation: You are mostly covered in iridescent
                  | scales. (AC +4) [Jiyva's grace]
 45715 | Vaults:1 | Gained mutation: You are completely covered in iridescent
                  | scales. (AC +6) [Jiyva's grace]
 45715 | Vaults:1 | Gained mutation: Your system is resistant to poisons.
                  | (rPois) [Jiyva's grace]
 45958 | Vaults:1 | Reached skill level 17 in Evocations
 46371 | Vaults:2 | Identified the +10 short sword "Ahasin" {distort, rF+
                  | Int+2}
 46528 | Vaults:2 | Noticed Jory
 46541 | Vaults:2 | Killed Jory
 46722 | Vaults:2 | Reached skill level 18 in Evocations
 46858 | Vaults:2 | Reached skill level 19 in Evocations
 46951 | Vaults:2 | Noticed Bai Suzhen
 46967 | Vaults:2 | Killed Bai Suzhen
 47317 | Vaults:2 | Your ally Bai Suzhen died
 47405 | Vaults:2 | Found a staircase to the Crypt.
 47414 | Vaults:2 | Learned a level 4 spell: Dispel Undead
 47432 | Crypt:1  | Entered Level 1 of the Crypt
 47439 | Crypt:1  | Reached skill level 20 in Evocations
 47687 | Crypt:1  | Lost mutation: You are completely covered in iridescent
                  | scales. (AC +6) [Jiyva's grace]
 47687 | Crypt:1  | Lost mutation: Your flesh is very heat resistant. (rF++)
                  | [Jiyva's grace]
 47687 | Crypt:1  | Lost mutation: You are very robust. (+20% HP) [Jiyva's
                  | grace]
 47687 | Crypt:1  | Lost mutation: Your muscles are very strong. (Str +8,
                  | Int/Dex -2) [Jiyva's grace]
 47687 | Crypt:1  | Lost mutation: Your spells are a little harder to cast, but
                  | a little more powerful. [Jiyva's grace]
 47687 | Crypt:1  | Gained mutation: You are somewhat resistant to further
                  | mutation. [Jiyva's grace]
 47687 | Crypt:1  | Gained mutation: You are somewhat resistant to both further
                  | mutation and mutation removal. [Jiyva's grace]
 47687 | Crypt:1  | Gained mutation: You are almost entirely resistant to
                  | further mutation and mutation removal. [Jiyva's grace]
 47687 | Crypt:1  | Gained mutation: Your muscles are very strong. (Str +8,
                  | Int/Dex -2) [Jiyva's grace]
 47837 | Crypt:1  | Reached XP level 22. HP: 87/120 MP: 12/41
 47837 | Crypt:1  | Gained a life (2 lives remaining)
 48319 | Crypt:1  | Found a large runed translucent door.
 48320 | Crypt:1  | Found a large runed translucent door.
 48323 | Crypt:1  | Noticed Katt's ghost (adept MiFi)
 48331 | Crypt:1  | Reached skill level 21 in Evocations
 48456 | Crypt:1  | Killed Katt's ghost
 48866 | Crypt:2  | Reached skill level 22 in Evocations
 49441 | Crypt:3  | Entered Level 3 of the Crypt
 49660 | Crypt:3  | Noticed a dread lich
 49667 | Crypt:3  | Killed a dread lich
 49744 | Crypt:3  | Reached skill level 23 in Evocations
 50052 | Crypt:3  | Found a basalt altar of Yredelemnul.
 50196 | Crypt:3  | Reached skill level 24 in Evocations
 50251 | Crypt:3  | Lost mutation: You are almost entirely resistant to further
                  | mutation and mutation removal. [Jiyva's grace]
 50251 | Crypt:3  | Lost mutation: You are somewhat resistant to both further
                  | mutation and mutation removal. [Jiyva's grace]
 50251 | Crypt:3  | Gained mutation: Your translucent skin slightly reduces
                  | your foes' accuracy. (Stealth+) [Jiyva's grace]
 50251 | Crypt:3  | Gained mutation: Your translucent skin reduces your foes'
                  | accuracy. (Stealth+) [Jiyva's grace]
 50251 | Crypt:3  | Gained mutation: Your transparent skin significantly
                  | reduces your foes' accuracy. (Stealth+) [Jiyva's grace]
 50251 | Crypt:3  | Gained mutation: You have acidic saliva. [Jiyva's grace]
 50376 | Crypt:3  | Identified the +1 plate armour of the Forest {Will+}
 50435 | Crypt:3  | Identified the staff of Abomination {rElec rN+ Str+3 Necro}
 50479 | Crypt:3  | Reached XP level 23. HP: 126/126 MP: 32/42
 50667 | Crypt:3  | Found a staircase to the Tomb.
 51096 | Depths:1 | Entered Level 1 of the Depths
 51198 | Depths:1 | Found a one-way gate to the infinite horrors of the Abyss.
 51417 | Depths:1 | Found Ypaud's Distillery.
 51423 | Depths:1 | Bought a potion of heal wounds for 80 gold pieces
 51423 | Depths:1 | Bought a potion of magic for 128 gold pieces
 51423 | Depths:1 | Bought a potion of cancellation for 128 gold pieces
 51423 | Depths:1 | Bought a potion of curing for 48 gold pieces
 51423 | Depths:1 | Bought 2 potions of ambrosia for 256 gold pieces
 51571 | Depths:1 | Found a gateway to Hell.
 51701 | Depths:1 | Reached skill level 25 in Evocations
 51956 | Depths:1 | Noticed a juggernaut
 51971 | Depths:1 | Killed a juggernaut
 52037 | Depths:1 | Got the Octavo of Unified Transmutation
 52113 | Depths:1 | Found the +3 giant club "Skullcrusher" {speed, Str+7}
 52361 | Depths:1 | Found a one-way gate leading to the halls of Pandemonium.
 52598 | Depths:2 | Noticed Nikola
 52603 | Depths:2 | Killed Nikola
 52656 | Depths:2 | Noticed Sojobo
 52678 | Depths:2 | Paralysed by an air elemental for 1 turns
 52689 | Depths:2 | Reached skill level 26 in Evocations
 52691 | Depths:2 | Killed Sojobo
 53050 | Depths:2 | Lost mutation: You are mostly covered in iridescent scales.
                  | (AC +4) [Jiyva's grace]
 53050 | Depths:2 | Lost mutation: You are partially covered in iridescent
                  | scales. (AC +2) [Jiyva's grace]
 53050 | Depths:2 | Lost mutation: Your flesh is heat resistant. (rF+) [Jiyva's
                  | grace]
 53050 | Depths:2 | Lost mutation: You are robust. (+10% HP) [Jiyva's grace]
 53050 | Depths:2 | Lost mutation: Your muscles are very strong. (Str +8,
                  | Int/Dex -2) [Jiyva's grace]
 53050 | Depths:2 | Lost mutation: Your muscles are strong. (Str +4, Int/Dex
                  | -1) [Jiyva's grace]
 53050 | Depths:2 | Lost mutation: You have acidic saliva. [Jiyva's grace]
 53050 | Depths:2 | Lost mutation: Your transparent skin significantly reduces
                  | your foes' accuracy. (Stealth+) [Jiyva's grace]
 53050 | Depths:2 | Gained mutation: You have acidic saliva. [Jiyva's grace]
 53050 | Depths:2 | Gained mutation: You are very agile. (Dex +8, Str/Int -2)
                  | [Jiyva's grace]
 53050 | Depths:2 | Gained mutation: Your melee attacks may engulf your foes in
                  | ooze. [Jiyva's grace]
 53050 | Depths:2 | Gained mutation: Armour fits poorly on your pseudopods.
                  | [Jiyva's grace]
 53077 | Depths:2 | Found a magical portal.
 53097 | WizLab   | Entered Iskenderun's Mystic Tower
 53366 | WizLab   | Got Iskenderun's Encyclopedia of Blows
 53366 | WizLab   | Got Iskenderun's Incunabulum of Energy
 53383 | WizLab   | Got the Incunable of Anathema
 53799 | Depths:2 | Found Tuoqyceo's Book Shoppe.
 54014 | Depths:2 | Reached skill level 27 in Evocations
 54016 | Depths:2 | Identified the +2 robe of the Loofah {rPois rC+}
 54016 | Depths:2 | Noticed Boris
 54108 | Depths:2 | Killed Boris
 54255 | Depths:2 | Identified the quicksilver dragon scales "Cucist" {Will+
                  | Str+3}
 54267 | Depths:2 | Noticed a juggernaut
 54282 | Depths:2 | Killed a juggernaut
 54377 | Depths:2 | Acquired the amulet "Imaonaxi" {Regen+ Str+2 Stlth+}
 54526 | Depths:2 | Reached XP level 24. HP: 88/122 MP: 38/42
 54862 | Depths:3 | Found Coujeq's Armour Boutique.
 54877 | Depths:3 | Found a basalt altar of Yredelemnul.
 55045 | Depths:3 | Found a shimmering blue altar of Sif Muna.
 55154 | Depths:3 | Found a corrupted altar of Lugonu.
 55387 | Depths:4 | Entered Level 4 of the Depths
 55396 | Depths:4 | Found a one-way gateway to a ziggurat.
 55502 | Depths:4 | Identified the +2 robe of Makhleb, Gazing {rC- rN+
                  | Archmagi}
 55502 | Depths:4 | Noticed Boris
 55543 | Depths:4 | Killed Boris
 55673 | Depths:4 | Noticed a juggernaut
 55679 | Depths:4 | Killed a juggernaut
 55994 | Depths:4 | Found a broken altar of Ashenzari.
 56125 | Depths:4 | HP: 6/126 [fire dragon/blast of flame (54)]
 56488 | Depths:4 | Found a gate to the Realm of Zot.
 56636 | Zot:1    | Entered Level 1 of the Realm of Zot
 56958 | D:11     | Bought a sack of spiders for 920 gold pieces
 57366 | Zot:1    | Noticed a Killer Klown
 57390 | Zot:1    | Noticed a Killer Klown
 57407 | Zot:1    | Killed a Killer Klown
 57415 | Zot:1    | Reached skill level 15 in Dodging
 57542 | Zot:1    | Killed a Killer Klown
 57614 | Zot:2    | Lost mutation: You are very agile. (Dex +8, Str/Int -2)
                  | [Jiyva's grace]
 57614 | Zot:2    | Lost mutation: You have acidic saliva. [Jiyva's grace]
 57614 | Zot:2    | Lost mutation: Your translucent skin reduces your foes'
                  | accuracy. (Stealth+) [Jiyva's grace]
 57614 | Zot:2    | Lost mutation: Your translucent skin slightly reduces your
                  | foes' accuracy. (Stealth+) [Jiyva's grace]
 57614 | Zot:2    | Gained mutation: Your skin changes colour to match your
                  | surroundings (Stealth+). [Jiyva's grace]
 57614 | Zot:2    | Gained mutation: Your skin blends seamlessly with your
                  | surroundings (Stealth++). [Jiyva's grace]
 57614 | Zot:2    | Gained mutation: Your skin perfectly mimics your
                  | surroundings (Stealth+++). [Jiyva's grace]
 57614 | Zot:2    | Gained mutation: You have acidic saliva. [Jiyva's grace]
 57738 | Zot:2    | Noticed an orb of fire
 57782 | Zot:2    | Killed an orb of fire
 57869 | Zot:5    | Entered Level 5 of the Realm of Zot
 58465 | Zot:5    | Reached XP level 25. HP: 135/135 MP: 40/42
 58472 | Zot:5    | Noticed an ancient lich
 58478 | Zot:5    | Noticed an orb of fire
 58480 | Zot:5    | Killed an ancient lich
 58481 | Zot:5    | Reached skill level 15 in Fighting
 58485 | Zot:5    | Killed an orb of fire
 58490 | Zot:5    | Noticed a Killer Klown
 58493 | Zot:5    | Noticed an orb of fire
 58503 | Zot:5    | Killed an orb of fire
 58514 | Zot:5    | Killed a Killer Klown
 58570 | Zot:5    | Noticed an orb of fire
 58577 | Zot:5    | Killed an orb of fire
 58628 | Zot:5    | Noticed an orb of fire
 58632 | Zot:5    | Killed an orb of fire
 58668 | Zot:5    | Noticed a Killer Klown
 58686 | Zot:5    | Killed a Killer Klown
 58697 | Zot:5    | Noticed an orb of fire
 58698 | Zot:5    | Noticed an orb of fire
 58705 | Zot:5    | Killed an orb of fire
 58708 | Zot:5    | Killed an orb of fire
 58777 | Zot:5    | Got the Orb of Zot
 59003 | Depths:4 | Gained mutation: You do not regenerate when monsters are
                  | visible. [a cacodemon]
 59018 | Depths:4 | Gained mutation: Your magical capacity is low. (-10% MP) [a
                  | cacodemon]
 59488 | D:$      | Escaped with the Orb!

Illustrated notes

Levels and vault maps discovered:
D:1:      tarquinn_simple_flora_water_e, layout_basic, minmay_rat_gold_closets
D:2:      layout_loops_corners, uniq_jessica, uniq_robin
D:3:      layout_basic, nicolae_qazlal_scattered_showers, basic_ecumenical_altar
D:4:      layout_loops_ring, serial_shops, kennysheep_little_box,
          gammafunk_ghost_cemetery
D:5:      layout_loops_corners, gammafunk_temple_overflow_forgotten,
          uniq_edmund, uniq_duvessa
D:6:      layout_rooms, mainiacjoe_overflow_small_starburst, minmay_misc_feat_x,
          minmay_unpleasant_kobolds, uniq_grinder
D:7:      layout_loops_ring, nicolae_vehumet_altar_sigil, amcnicky_altar_gilded,
          nicolae_tso_swordbearing_angel, temple_doors_e
D:8:      layout_loops_ring, general_overflow_altar, nemelex_spade_bored_becter,
          biasface_ghost_orc_armoury, minmay_shop_grid_forest, uniq_psyche
D:9:      layout_basic, lair_entry_dummy, laboratory, uniq_jeremiah,
          uniq_maggie, uniq_erica
D:10:     layout_roguey, lemuel_coloured_pillars_altar, minmay_diamond_spiral
D:11:     layout_stronghold, serial_shops, nicolae_shop_window_shopping,
          water_boxes_lemuel
D:12:     layout_gridville, zombieorc2_lemuel
D:13:     layout_stronghold, serial_shops, nicolae_shop_statue_plus,
          nicolae_shop_advertising_works [nicolae_subvault_shop_adworks], shop,
          shop, portal_ice_cave_entry_pillars_2, lemuel_flamethrower_2
D:14:     layout_roguey, david_vaults_1, kennysheep_decorative_pillar,
          roadster_trireme
D:15:     hellmonk_depths_entry_around_the_bend, layout_basic,
          good_gods_mini_temple, minivault_24, st_stairs_6
Temple:   bh_familiar_temple
Lair:1:   layout_long_grid, grunt_megastairs_1
Lair:2:   layout_layer_cave, nicolae_snake_entry_warm_welcome,
          lemuel_fruit_tree, infiniplex_staircase_pool
Lair:3:   layout_cave_pods, minmay_swamp_entry_wisps, serial_bayou_shore_a
Lair:4:   layout_loops_ring, minmay_slime_entry_pillars, serial_bayou_shore_b,
          grunt_megastairs_4
Lair:5:   minmay_lair_end_frog_pond, layout_cave_pods
Swamp:1:  layout_basic_swamp, nicolae_swamp_reclaimed_castle,
          nicolae_swamp_big_swirl, swamp_pool_3
Swamp:2:  layout_basic_swamp, basic_altar, swamp_pool_3,
          nicolae_swamp_baby_hydras, nicolae_swamp_decorative_isthmus
Swamp:3:  layout_basic_swamp, nicolae_swamp_oxbows
Swamp:4:  grunt_swamp_rune_castle, layout_basic_swamp, swamp_pool_4,
          nicolae_swamp_little_swirl
Snake:1:  layout_chambers, special_room
Snake:2:  cheibrodos_forgotten_conduit, layout_onion
Snake:3:  gammafunk_its_a_trap, layout_grid_shapes, serial_shops, shop_fountains
Snake:4:  hellmonk_snake_rune_quicksilver_temple, layout_layer_cave,
          serial_shops, shop, serial_bayou_shore_b, uniq_saint_roka,
          uniq_vashnia, uniq_aizul
Slime:1:  cheibrodos_slime_lost_civilization_3, layout_caves, basic_altar
Slime:2:  cheibrodos_slime_lost_civilization_10, layout_caves
Slime:3:  layout_caves, cheibrodos_slime_lost_civilization_4
Slime:4:  layout_caves
Slime:5:  slime_pit
Orc:1:    layout_diamond_mine, basic_altar, serial_shops, shop
Orc:2:    grunt_orc_gardens, layout_diamond_mine, grunt_orc_garden,
          grunt_orc_garden, grunt_orc_garden, grunt_orc_garden, basic_altar,
          mines2_lemuel
Elf:1:    layout_loops_corners, portal_desolation_entry_twin_temple,
          serial_shops, nicolae_shop_peninsula, minmay_elf_necromancy
Elf:2:    nicolae_elf_blades_splatter_lattice [infiniplex_blade_entry_pillars],
          layout_loops_cross
Elf:3:    grunt_elf_hall_diamonds, layout_loops_corners,
          nicolae_shop_overcharged_wands
Vaults:1: nicolae_vaults_little_squares_5, v_misc_28, hangedman_vaults_capsules,
          vaults_room_pools, v_pattern_5, nicolae_vaults_little_ls,
          ontoclasm_vaults_ligature, v_rooms_4, nicolae_vaults_an_arrangement,
          nicolae_vaults_stairing_the_circle, nicolae_vaults_triangles,
          vaults_dpeg_emergency_exit, v_misc_24, nicolae_vaults_double_plus_1,
          layout_vaults_maze
Vaults:2: vaults_room_octagon, v_rooms_2, minmay_crypt_entry_skeletal_spiral,
          nicolae_vaults_oval_intersection, v_misc_17, nicolae_vaults_mitosis,
          hangedman_vaults_stream, nicolae_vaults_storage_closets_2,
          nicolae_vaults_little_guard_posts, vaults_dpeg_hooks,
          vaults_room_fours, layout_vaults_big_room, uniq_jory, uniq_bai_suzhen
Crypt:1:  layout_gridlike, ebering_ghost_disaster_area,
          nicolae_crypt_small_crypt, ebering_dispersal_statue_hall
Crypt:2:  layout_misc_corridors, minivault_4, uniq_margery
Crypt:3:  church_of_pain_bobbens, layout_chaotic_city, tomb_entry_sphere_bobbens
Depths:1: layout_roguey, nicolae_concentric_dashed_squares_mild,
          grunt_pan_entry_zigzag, hell_entry,
          regret_index_abyss_entry_earlier_magic, minmay_multi_spiral,
          minmay_shop_star
Depths:2: evilmike_hourglass, layout_gridlike, infiniplex_enter_wizlab_water,
          hell_entry, grunt_pan_entry_in_and_out, serial_shops, shop,
          kennysheep_cross_bottleneck, minmay_staircase_statues, uniq_sojobo,
          uniq_boris, uniq_nikola
Depths:3: grated_community_mu [grated_community_mu_vampire_home,
          grated_community_mu_giant_home, grated_community_mu_spellcaster_home,
          grated_community_mu_orcish_home, grated_community_mu_troll_home,
          grated_community_mu_taur_home, grated_community_mu_unbuilt_plot],
          layout_cave_shapes, yredelemnul_altar_generic,
          pf_hell_entry_tar_spiral, abyss_entry_flame_altar,
          nicolae_stop_n_shop_1, nicolae_sif_muna_condensation
Depths:4: evilmike_zot_entry_hall, layout_cave_shapes, enter_ziggurat_f,
          evilmike_ruin_ashenzari, hangedman_abyss_entry_splay, hell_entry
Zot:1:    grunt_zot_stairs_faceoff, layout_gridlike
Zot:2:    lemuel_draconian_sentries, layout_concentric_octagons,
          regret_index_zotdec_tunneler, skrybe_zot_glass_1
Zot:3:    layout_gridlike, regret_index_zotdec_bone_old, nicolae_tricolors
Zot:4:    layout_misc_corridors, uniq_grunn
Zot:5:    layout_basic, kennysheep_underground_church

Skill      XL: |  1  2  3  4  5  6  7  8  9 10 11 12 13 14 15 16 17 18 19 20 21 22 23 24 25 |
---------------+----------------------------------------------------------------------------+-----
Ice Magic      | 4 5 6 7 8 11 | 11.0
Spellcasting   | 3 4 5 7 10 11 14 | 14.0
Summonings     | 1 2 4 5 7 10 | 10.0
Fighting       | 2 6 10 11 14 16 | 16.5
Dodging        | 4 9 10 11 17 19 | 19.6
Necromancy     | 6 12 16 17 19 22 24 25 26 | 26.9
Evocations     | 7 12 15 20 24 27 | 27.0
Stealth        | |  2.6

Action                     |  1- 3 |  4- 6 |  7- 9 | 10-12 | 13-15 | 16-18 | 19-21 | 22-24 | 25-27 || total
---------------------------+-------+-------+-------+-------+-------+-------+-------+-------+-------++-------
  Melee: Unarmed           |     4 |    15 |     8 |    44 |    73 |    64 |    71 |   206 |    12 ||   497
         Bite              |       |     3 |     1 |    10 |    17 |    17 |    15 |    50 |     3 ||   116
         Punch             |       |       |     1 |     1 |     2 |     4 |       |     8 |       ||    16
         Headbutt          |       |       |       |       |       |       |    24 |   104 |     4 ||   132
         Pseudopods        |       |       |       |       |       |       |       |    36 |     3 ||    39
   Cast: Freeze            |    40 |    71 |    98 |   253 |   157 |       |       |       |       ||   619
         Frozen Ramparts   |     3 |    14 |    21 |    79 |    38 |       |       |       |       ||   155
         Ozocubu's Armour  |     2 |    10 |    15 |    57 |    31 |     2 |     1 |    18 |     1 ||   137
         Summon Ice Beast  |       |     2 |    19 |    34 |     5 |       |       |       |       ||    60
         Animate Dead      |       |       |       |     1 |    16 |    14 |     6 |     2 |       ||    39
         Death Channel     |       |       |       |       |    19 |    22 |    11 |     4 |       ||    56
         Rimeblight        |       |       |       |       |    62 |   139 |   196 |   166 |    18 ||   581
         Infestation       |       |       |       |       |    11 |    50 |    93 |    67 |     5 ||   226
         Haunt             |       |       |       |       |     2 |   102 |   115 |   168 |    25 ||   412
         Death's Door      |       |       |       |       |       |     1 |     3 |    17 |     3 ||    24
         Dispel Undead     |       |       |       |       |       |       |    13 |   209 |     8 ||   230
 Invoke: Unearth Wretches  |       |       |       |       |    13 |     5 |       |       |       ||    18
         Receive Forbidden |       |       |       |       |     1 |       |       |       |       ||     1
Ability: Evoke Blink       |       |       |       |       |       |     1 |     1 |     1 |       ||     3
  Evoke: Wand              |       |       |    12 |    10 |     6 |     1 |     4 |    14 |    21 ||    68
         Tin of tremorston |       |       |       |     2 |       |       |       |       |     2 ||     4
         Gell's gravitambo |       |       |       |     2 |     2 |     2 |     6 |     3 |     1 ||    16
         Lightning rod     |       |       |       |       |       |     5 |       |    10 |       ||    15
         Phantom mirror    |       |       |       |       |       |     2 |     1 |       |       ||     3
         Sack of spiders   |       |       |       |       |       |       |       |     2 |     1 ||     3
    Use: Scroll            |       |     2 |     2 |    10 |    12 |    11 |     1 |     7 |       ||    45
         Potion            |       |       |       |     1 |     2 |     2 |     2 |     2 |       ||     9
   Stab: Sleeping          |     3 |     1 |       |       |       |       |       |       |       ||     4
         Distracted        |       |       |       |     1 |     1 |     3 |     1 |    10 |     1 ||    17
         Paralysed         |       |       |       |       |     4 |     3 |       |       |       ||     7
 Armour: Skin              |    10 |    37 |    65 |   177 |   178 |   180 |   216 |   403 |    67 ||  1333
  Dodge: Dodged            |    22 |    58 |   100 |   392 |   409 |   405 |   494 |  1047 |   142 ||  3069

Table legend: (Time is in decaauts)
 A = Elapsed time spent in this place.
 B = Non-inter-level travel time spent in this place.
 C = Inter-level travel time spent in this place.
 D = Time resting spent in this place.
 E = Time spent auto-exploring this place.
 F = Levels seen in this place.
 G = Mean time per level.
                   A        B        C        D        E       F      G
               +--------+--------+--------+--------+--------+-----+--------+
         Total |  59910 |  55521 |   4389 |    814 |  41571 |  55 | 1089.3 |
       Dungeon |  21923 |  20267 |   1656 |    294 |  16550 |  15 | 1461.5 |
        Temple |      1 |      1 |      0 |      0 |      0 |   1 |    1.0 |
          Lair |   8907 |   8394 |    513 |     92 |   7017 |   5 | 1781.4 |
         Swamp |   2498 |   2372 |    126 |     37 |   1580 |   4 |  624.5 |
     Snake Pit |   4481 |   4219 |    262 |     61 |   3141 |   4 | 1120.2 |
    Slime Pits |   2898 |   2432 |    466 |     12 |   1486 |   5 |  579.6 |
  Orcish Mines |   1646 |   1449 |    197 |     59 |   1109 |   2 |  823.0 |
   Elven Halls |   3459 |   3290 |    169 |      0 |   2467 |   3 | 1153.0 |
        Vaults |   2125 |   1944 |    181 |     16 |   1174 |   2 | 1062.5 |
         Crypt |   3475 |   3292 |    183 |      0 |   2492 |   3 | 1158.3 |
        Depths |   5332 |   4789 |    543 |    136 |   3117 |   4 | 1333.0 |
           Zot |   1936 |   1846 |     90 |     99 |    823 |   5 |  387.2 |
        Wizlab |    630 |    630 |      0 |      8 |    330 |   1 |  630.0 |
    Desolation |    593 |    593 |      0 |      0 |    284 |   1 |  593.0 |
               +--------+--------+--------+--------+--------+-----+--------+

Top non-repeatable levels by time:
  Lair:5: 2320 daAuts
 Snake:4: 1871 daAuts
    D:14: 1853 daAuts
     D:9: 1789 daAuts
  Lair:2: 1749 daAuts
    D:10: 1709 daAuts
    D:11: 1696 daAuts
    D:12: 1693 daAuts
     D:8: 1670 daAuts
  Lair:4: 1641 daAuts
  Lair:1: 1619 daAuts
Depths:1: 1615 daAuts
  Lair:3: 1576 daAuts
Depths:2: 1555 daAuts
    D:15: 1438 daAuts
